 Dungeon Crawl Stone Soup version 0.29-a0-559-g359e09b9d1 (webtiles) character file.

Game seed: 4045732618219149312

0 DocClef the Covert (level 1, 0/21 (23) HPs)
             Began as a Gnoll Delver on June 9, 2022.
             Slain by a necrophage (1 damage)
             ... on level 5 of the Dungeon.
             The game lasted 00:00:10 (35 turns).

DocClef the Covert (Gnoll Delver)                     Turns: 35, Time: 00:00:11

HP:   0/21 (23)     AC:  3    Str: 11    XL:     1   Next: 0%
MP:   1/1           EV: 12    Int:  9    God:
Gold: 0             SH:  3    Dex: 13    Spells: 0/0 levels left

rFire   . . .      SeeInvis .   a - +0 short sword
rCold   . . .      Faith    .   i - +0 buckler
rNeg    . . .      Spirit   .   b - +0 leather armour
rPois   .          Reflect  .   (no helmet)
rElec   .          Harm     .   (no cloak)
rCorr   .          Rampage  .   (no gloves)
Will    .....                   (no boots)
Stlth   ++++......              (no amulet)
HPRegen 0.07/turn               (no ring)
MPRegen 0.07/turn               (no ring)

@: drained
A: fangs 1, strong nose, distributed training
a: no special abilities


You were on level 5 of the Dungeon.
You visited 1 branch of the dungeon, and saw 1 of its levels.

Inventory:

Hand Weapons
 a - a +0 short sword (weapon)
Armour
 b - a +0 leather armour (worn)
 i - a +0 buckler (worn)
Wands
 g - a wand of digging (3)
 h - a wand of paralysis (10)
Scrolls
 c - a scroll of fog
 e - a scroll of fear
Potions
 d - a potion of might {unknown}
 f - a potion of haste


   Skills:
 + Level 6.4 Fighting
 + Level 4.4 Short Blades
 + Level 0.0 Long Blades
 + Level 0.0 Axes
 + Level 0.0 Maces & Flails
 + Level 0.0 Polearms
 + Level 0.0 Staves
 + Level 0.0 Slings
 + Level 0.0 Bows
 + Level 0.0 Crossbows
 + Level 0.0 Throwing
 + Level 0.0 Armour
 + Level 4.4 Dodging
 + Level 9.5 Stealth
 + Level 0.0 Shields
 + Level 0.0 Unarmed Combat
 + Level 0.0 Spellcasting
 + Level 0.0 Conjurations
 + Level 0.0 Hexes
 + Level 0.0 Summonings
 + Level 0.0 Necromancy
 + Level 0.0 Translocations
 + Level 0.0 Transmutations
 + Level 0.0 Fire Magic
 + Level 0.0 Ice Magic
 + Level 0.0 Air Magic
 + Level 0.0 Earth Magic
 + Level 0.0 Poison Magic
 + Level 0.0 Invocations
 + Level 0.0 Evocations


You couldn't memorise any spells.
You didn't know any spells.
Your spell library was empty.

Dungeon Overview and Level Annotations

Branches:
Dungeon (5/15)             Temple (0/1) D:5

Altars:


Innate Abilities, Weirdness & Mutations

You have very sharp teeth.
Your uncanny sense of smell can sniff out nearby items.
Your experience applies equally to all skills.


Message History

You feel aware of your surroundings.
You sensed 1 altar, and 1 shop/portal.
Found a bubbling emerald potion.
Found a bone wand.
Found a buckler.
d - a bubbling emerald potion
h - a wand of paralysis (10)
Found a stone staircase leading down.
Found a scroll labelled BAOTWEPIPI.
A gnoll comes into view. It is wielding a +0 scythe.
You see here a +0 buckler.
i - a +0 buckler The gnoll shouts!
You start putting on your armour.
You continue putting on your +0 buckler. x3
The gnoll misses you.
You continue putting on your +0 buckler.
The gnoll hits you from afar with a +0 scythe.
You finish putting on your +0 buckler. 2 gnolls come into view.
Found a staircase to the Ecumenical Temple.
A necrophage comes into view.
Found a scroll labelled INUAVUNUEDU.
Found a stone staircase leading down.
A gnoll comes into view. It is wielding a +0 halberd.
Found a scroll labelled NIETEA LAUCINNUUS.
You hit the necrophage but do no damage.
You bite the necrophage, but do no damage.
The gnoll shouts!
You hear a shout! x2
You closely miss the necrophage. The necrophage hits you.
You feel drained.
You hit the necrophage.
The necrophage is lightly damaged.
The necrophage hits you.
* * * LOW HITPOINT WARNING * * *
You block the gnoll's attack. x2
A centaur comes into view.
You completely miss the necrophage.
The necrophage is lightly damaged.
The necrophage hits you.
* * * LOW HITPOINT WARNING * * *
You feel drained.
You die...

**,*******,,,,,,*
#.#*,,,,,,,,,,,* #.#*,****,,,,,,*
*#..,,,,**,,,,,,*
*P.P*,#,#,,,,,,,*
####.##.#.#>,,,,,,*
##P#...#P?...,*,**,*
#....n.ggc.#,,,,**,* ######
##.P#?@.#,..#.,****,*
[.>..######..###.##.....,,,,,,*
####.#.......##PgPg.#,*,,,,,,,*
####.#.##.##.###.#..#,**,****,***
.................#.....,,****,,,,
####.#.##....##.......##,,,******
***#.#.###...##..####.#***,*
,,,..#.............,,.# **,**
,*######...........#*,# *,,,*


You could see a necrophage, a centaur and 3 gnolls.

Vanquished Creatures (others)
  A fungus (D:5)
1 creature vanquished.

Notes
Turn   | Place    | Note
-------+----------+-------------------------------------------
     0 | D:5      | Reached skill level 9 in Stealth
     0 | D:5      | DocClef the Gnoll Delver began the quest for the Orb.
     0 | D:5      | Reached XP level 1. HP: 23/23 MP: 1/1
    27 | D:5      | Found a staircase to the Ecumenical Temple.
    28 | D:5      | Noticed a necrophage
    34 | D:5      | Noticed a centaur
    35 | D:5      | HP: 1/22 [necrophage (2)]
    35 | D:5      | Slain by a necrophage

Illustrated notes

Levels and vault maps discovered:
D:5:      layout_loops_cross, okawaru_altar_gauntlet_db,
          minmay_temple_entry_gardened_gates, gup_sewer_entry_bowl,
          dreamdust_gnoll_farm

Skill      XL: | |
---------------+-+-----
Stealth        | |  9.5
Fighting       | |  6.4
Short Blades   | |  4.4
Dodging        | |  4.4

Action                   || total
-------------------------++-------
Melee: Short sword       ||     4
       Bite              ||     1
  Use: Scroll            ||     1
Dodge: Dodged            ||     1
Block: Buckler           ||     2

Table legend: (Time is in decaauts)
 A = Elapsed time spent in this place.
 B = Non-inter-level travel time spent in this place.
 C = Inter-level travel time spent in this place.
 D = Time resting spent in this place.
 E = Time spent auto-exploring this place.
 F = Levels seen in this place.
 G = Mean time per level.
                   A        B        C        D        E       F      G
               +--------+--------+--------+--------+--------+-----+--------+
         Total |     34 |     34 |      0 |      0 |      0 |   1 |   34.0 |
       Dungeon |     34 |     34 |      0 |      0 |      0 |   1 |   34.0 |
               +--------+--------+--------+--------+--------+-----+--------+

Top non-repeatable levels by time:
     D:5: 34 daAuts
